 Dungeon Crawl Stone Soup version 0.23.1 (webtiles) character file.

Game seed: 0

905 FunkyPutin the Cleaver (level 7, -2/60 HPs)
             Began as a Minotaur Fighter on Mar 7, 2019.
             Shot with an arrow by a centaur (3 damage)
             ... on level 5 of the Dungeon.
             The game lasted 00:10:18 (3511 turns).

FunkyPutin the Cleaver (Minotaur Fighter)           Turns: 3511, Time: 00:10:19

Health: -2/60      AC:  7    Str: 25    XL:     7   Next: 80%
Magic:  6/6        EV:  8    Int:  5    God:
Gold:   184        SH: 11    Dex: 10    Spells: 6/6 levels left

rFire    . . .     SeeInvis .   a - +0 war axe
rCold    . . .     Gourm    .   c - +1 shield
rNeg     . . .     Faith    .   b - +0 scale mail
rPois    .         Spirit   .   (helmet restricted)
rElec    .         Reflect  .   (no cloak)
rCorr    .         Harm     .   (no gloves)
MR       .....                  (no boots)
Stlth    ..........             (no amulet)
HPRegen  0.20/turn              (no ring)
MPRegen  0.10/turn              h - +3 ring of strength

@: lethally poisoned (-2 -> -7)
A: retaliatory headbutt, horns 2
a: no special abilities


You were on level 5 of the Dungeon.
You were not hungry.

You visited 2 branches of the dungeon, and saw 6 of its levels.

You collected 184 gold pieces.

Inventory:

Hand Weapons
 a - a +0 war axe (weapon)
Armour
 b - a +0 scale mail (worn)
 c - a +1 shield (worn)
Jewellery
 h - a +3 ring of strength (right hand)
 i - an uncursed ring of attention
 t - a +4 ring of intelligence {unknown}
Wands
 q - a wand of disintegration (9)
Scrolls
 e - 4 scrolls of identify
 g - 2 scrolls of teleportation
 n - 4 scrolls of magic mapping {unknown}
 r - a scroll of enchant weapon {unknown}
Potions
 d - 3 potions of might
 j - 3 potions of heal wounds {unknown}
 k - 2 potions of lignification
 l - a potion of invisibility
 m - a potion of agility
 o - 3 potions of curing {unknown}
 p - 2 potions of mutation
 s - a potion of haste
Comestibles
 f - 8 rations


   Skills:
 + Level 4.9 Fighting
 * Level 8.5 Axes
 + Level 5.7 Armour
 + Level 5.4 Shields


You had 6 spell levels left.
You didn't know any spells.
Your spell library was empty.

Dungeon Overview and Level Annotations

Branches:
Dungeon (5/15)             Temple (1/1) D:4

Altars:
Ashenzari
Cheibriados
Dithmenos
Elyvilon
Fedhas
Hepliaklqana
Kikubaaqudgha
Makhleb
Okawaru
Qazlal
Ru
Sif Muna
Uskayaw
Vehumet
Wu Jian
Xom
Yredelemnul
Zin

Annotations:
D:2 1 exclusion


Innate Abilities, Weirdness & Mutations

You reflexively headbutt those who attack you in melee.
You have a pair of horns on your head.


Message History

* * * LOW HITPOINT WARNING * * *
A shadow imp comes into view.
The worker ant bites you.
* * * LOW HITPOINT WARNING * * *
You are poisoned.
The worker ant poisons you!
The centaur shoots an arrow.
The arrow hits you.
* * * LOW HITPOINT WARNING * * *
Really quaff the potion of mutation?
Okay, then.
Welcome back, FunkyPutin the Minotaur Fighter.
Press ? for a list of commands and other information.
Okay, then.
Okay, then.
* * * LOW HITPOINT WARNING * * *
You feel sick.
The centaur shoots an arrow.
You block the arrow. You block the worker ant's attack.
You see here an arrow.
* * * LOW HITPOINT WARNING * * *
You feel sick.
The centaur shoots an arrow.
The arrow hits you.
You die...

#.#####.##.# ####
##.## #.##.# ....
###...####.##.# .....
#......†...##.# .?.Y.
#.#...####.##.# ....
#.##.###.>.##.# ..#
#.##.# #.#.##.#
#)#####.##.# #.#.##.#
#c(((@.##.###....#.#
#5##a...............#
#.#
#.######.##....### #.
#.# #. #.#.## # #.#
####.##.#.### ...
.....)......# ...
######.###.# ##.#
#...# #.# +.#.###.#


You could see a centaur, a worker ant and a shadow imp.

Vanquished Creatures
  2 ogres
  2 phantoms (D:4)
  A bullfrog (D:5)
  2 scorpions
  A water moccasin skeleton (D:4)
  An orc priest (D:3)
  An orc wizard (D:3)
  Jessica (D:2)
  A bullfrog skeleton (D:5)
  Natasha (twice) (D:2)
  A worker ant (D:4)
  2 adders
  An ooze (D:1)
  2 worms
  7 dart slugs
  5 leopard geckos
  16 orcs
  8 giant cockroaches
  9 goblins
  8 hobgoblins
  10 jackals
  3 ball pythons
  16 bats
  4 frilled lizards
  7 kobolds
  5 rats
118 creatures vanquished.

Notes
Turn   | Place    | Note
-------+----------+-------------------------------------------
     0 | D:1      | FunkyPutin the Minotaur Fighter began the quest for the
                  | Orb.
     0 | D:1      | Reached XP level 1. HP: 19/19 MP: 0/0
   157 | D:1      | Reached XP level 2. HP: 20/27 MP: 1/1
   515 | D:1      | Reached skill level 3 in Axes
   585 | D:1      | Reached XP level 3. HP: 33/33 MP: 2/2
  1257 | D:2      | Noticed Jessica
  1263 | D:2      | Killed Jessica
  1263 | D:2      | Reached XP level 4. HP: 31/40 MP: 3/3
  1346 | D:2      | Reached skill level 4 in Axes
  1424 | D:2      | Noticed Natasha
  1428 | D:2      | Killed Natasha
  1567 | D:2      | Noticed Natasha
  1573 | D:2      | Killed Natasha
  1573 | D:2      | Reached XP level 5. HP: 32/46 MP: 4/4
  1747 | D:3      | Found an iron altar of Okawaru.
  1872 | D:3      | Reached skill level 5 in Axes
  1937 | D:3      | Found a snail-covered altar of Cheibriados.
  2137 | D:3      | Reached XP level 6. HP: 51/53 MP: 5/5
  2527 | D:4      | Reached skill level 6 in Axes
  2553 | D:4      | Found a staircase to the Ecumenical Temple.
  2612 | D:4      | Reached skill level 5 in Armour
  2627 | Temple   | Entered the Ecumenical Temple
  2985 | D:4      | Reached skill level 7 in Axes
  2985 | D:4      | Reached skill level 5 in Shields
  2985 | D:4      | Reached XP level 7. HP: 53/60 MP: 6/6
  3379 | D:5      | Entered Level 5 of the Dungeon
  3485 | D:5      | Reached skill level 8 in Axes
  3509 | D:5      | HP: 2/60 [centaur/arrow (5)]
  3511 | D:5      | Shot with an arrow by a centaur

Skill      XL: |  1  2  3  4  5  6  7 |
---------------+----------------------+-----
Armour         | 4 5 |  5.7
Fighting       | 4 |  4.9
Shields        | 4 5 |  5.4
Axes           | 3 4 5 7 8 |  8.5

Action                   |  1- 3 |  4- 6 |  7- 9 || total
-------------------------+-------+-------+-------++-------
Melee: War axe           |    91 |   161 |    29 ||   281
       Headbutt          |    17 |    25 |     4 ||    46
  Use: Scroll            |     2 |    10 |       ||    12
  Eat: Chunk             |     1 |     4 |       ||     5
       Ration            |       |     1 |       ||     1
Armor: Scale mail        |    46 |    59 |     3 ||   108
Dodge: Dodged            |    36 |    37 |    11 ||    84
Block: Shield            |    42 |    88 |    16 ||   146
